Map: Bridgehead LE

Players

Jason - Winner!

  • Race: Terran Terran
  • League: Grandmaster
  • Spawn Location: 3:00

Rob

  • Race: Protoss Protoss
  • League: Grandmaster
  • Spawn Location: 9:00

VOD

Have the link to the VOD?

Description

Time

  • Played on: May 14, 2019, 3:08 p.m.
  • Length: 8:42
Show
View Real Time Build Order
Export as new Build Order

Jason Terran - Winner!

Build Orders: Reaper Expand 

Get SALT Encoding   

  12  0:00  SCV  
  14  0:14  SCV  
  14  0:20  Supply Depot  
  14  0:26  SCV  
  15  0:41  SCV  
  16  0:43  Barracks  
  16  0:47  Refinery  
  16  0:53  SCV  
  17  1:05  SCV  
  18  1:18  SCV  
  19  1:32  Reaper, Orbital Command  
  20  1:47  Command Center  
  20  1:58  Barracks  
  20  2:00  SCV  
  21  2:11  Barracks Reactor  
  21  2:13  SCV  
  22  2:18  Supply Depot  
  22  2:25  SCV  
  22  2:28  Factory  
  23  2:40  SCV  
  23  2:41  Refinery  
  24  2:46  Marine  
  24  2:47  Marine  
  24  2:48  Barracks Tech Lab  
  26  2:55  SCV  
  27  3:00  Orbital Command  
  27  3:10  Marine x3  
  29  3:15  Stimpack  
  29  3:17  SCV  
  30  3:28  Starport  
  30  3:29  Marine  
  30  3:31  Marine  
  30  3:33  Marine  
  33  3:38  SCV  
  34  3:42  Factory Reactor  
  34  3:46  SCV, Supply Depot  
  34  3:47  Marine  
  36  3:50  SCV  
  36  3:52  Marine  
  36  3:53  Marine  
  39  4:00  Supply Depot  
  39  4:05  Marine  
  39  4:06  SCV x2  
  42  4:10  Marine  
  42  4:12  Bunker  
  42  4:21  Marine  
  42  4:23  SCV  
  44  4:29  Medivac x2  
  44  4:30  Marine x2  
  49  4:31  SCV  
  49  4:35  SCV  
  49  4:36  Widow Mine  
  53  4:39  Marine  
  54  4:46  SCV  
  54  4:47  Marine  
  54  4:48  SCV, Marine  
  54  4:51  Supply Depot  
  57  4:57  Marine  
  57  4:58  SCV  
  58  5:05  Marine  
  59  5:07  Marine  
  59  5:08  SCV  
  59  5:10  SCV  
  59  5:11  Engineering Bay  
  62  5:15  Marine  
  62  5:21  Combat Shield  
  62  5:23  Marine  
  62  5:24  SCV, Marine  
  62  5:25  SCV  
  62  5:28  Medivac  
  68  5:30  Widow Mine  
  70  5:42  Marine  
  70  5:43  Marine x2  
  59  5:59  Marine  
  59  6:01  Marine x2  
  43  6:08  Widow Mine  
  39  6:22  Marine x2  
  31  7:02  Widow Mine  
Show
View Real Time Build Order
Export as new Build Order

Rob Protoss 

Build Orders: 1 Gate Expand, Oracle Opening 

Get SALT Encoding   

  12  0:00  Probe  
  13  0:12  Probe  
  14  0:25  Pylon  
  14  0:26  Probe  
  15  0:41  Probe  
  15  0:43  Gateway  
  15  0:47  Assimilator  
  15  0:49  Probe  
  17  0:57  Probe  
  18  1:09  Probe  
  19  1:22  Probe  
  20  1:30  Cybernetics Core  
  20  1:43  Nexus  
  20  1:46  Probe  
  21  1:51  Pylon  
  21  1:55  Assimilator  
  21  1:58  Probe  
  21  2:00  Adept  
  22  2:09  Warp Gate  
  22  2:11  Probe  
  25  2:18  Pylon  
  25  2:23  Probe  
  26  2:32  Stalker  
  27  2:45  Probe  
  28  2:57  Probe  
  28  2:58  Stargate, Probe  
  30  3:13  Probe  
  30  3:15  Stalker, Probe  
  34  3:25  Probe  
  35  3:27  Probe  
  35  3:32  Gateway  
  36  3:34  Oracle  
  36  3:41  Gateway  
  36  3:48  Probe  
  40  3:49  Probe  
  41  3:57  Gateway  
  41  4:00  Oracle  
  41  4:01  Gateway  
  41  4:04  Probe  
  42  4:13  Probe  
  42  4:16  Probe  
  47  4:25  Probe  
  47  4:28  Probe  
  49  4:35  Oracle  
  49  4:37  Probe  
  49  4:38  Gateway  
  50  4:40  Probe, Gateway  
  50  4:43  Gateway  
  51  4:50  Pylon  
  54  5:02  Pylon  
  54  5:05  Pylon  
  54  5:12  Stalker x3, Zealot  
  62  5:21  Zealot  
  62  5:32  Stalker x2  
  58  5:45  Zealot x5  
  25  6:38  Stalker  
Tags
 
Add a new tag
Caveats
  • Supply blocks, unpowered buildings, or Contaminate may cause inaccurate times.
  • Supply counts are checked every 10 seconds.